 Seeded DCSS version 0.30-a0-476-g330ca2eb8e (webtiles) character file.

Game seed: 16792993399291170163 (custom seed)

2693 purpskrrrp the Ruffian (level 9, -3/72 (75) HPs)
             Began as a Troll Transmuter on Dec 22, 2022.
             Was a Plaything of Xom.
             Slain by a water moccasin (6 damage)
             ... on level 8 of the Dungeon.
             The game lasted 00:18:11 (7194 turns).

purpskrrrp the Ruffian (Troll Transmuter)           Turns: 7194, Time: 00:18:12

HP:   -3/72 (75)    AC:  5    Str: 24    XL:     9   Next: 38%
MP:   0/13          EV:  9    Int: 15    God:    Xom [....*.]
Gold: 2517          SH:  0    Dex: 10    Spells: 14/15 levels left

rFire   + . .      SeeInvis .      - Unarmed
rCold   . . .      Faith    .    (no shield)
rNeg    . . .      Spirit   +    i - +2 robe {rF+}
rPois   .          Reflect  .    (helmet currently unavailable)
rElec   .          Harm     .    (no cloak)
rCorr   +          Rampage  .    (gloves unavailable)
Will    .....                    (boots unavailable)
Stlth   +.........               k - amulet of guardian spirit
HPRegen 1.12/turn                j - +6 ring of intelligence
MPRegen 0.13/turn                c - ring of resist corrosion

@: lethally poisoned (-3 -> -7), appendages (expiring), lightly drained
A: horns 2, talons 2, large, unfitting armour, claws 3, regeneration 1, shaggy
fur 1, tough skin 1, deformed body
a: End Transformation, Renounce Religion


You were on level 8 of the Dungeon.
You worshipped Xom.
You were a beloved toy of Xom.
You had temporarily grown beastly horns and talons.
You visited 2 branches of the dungeon, and saw 9 of its levels.
You also visited: Bailey.

You collected 2517 gold pieces.

Inventory:

Missiles
 s - 20 stones
 A - 27 poisoned darts
Armour
 a - a +0 robe
 i - a +2 robe of fire resistance (worn)
 p - a +2 hat of intelligence (melded)
Jewellery
 c - a ring of resist corrosion (right claw)
 g - a ring of ice
 j - a +6 ring of intelligence (left claw)
 k - an amulet of guardian spirit (around neck)
 o - a ring of wizardry
 x - a ring of willpower
 y - a +6 ring of strength
Wands
 D - a wand of flame (26)
 E - a wand of iceblast (25)
Scrolls
 b - a scroll of torment {unknown}
 e - a scroll of amnesia
 f - 2 scrolls of noise
 l - 3 scrolls of poison
 m - 3 scrolls of magic mapping
 q - 4 scrolls of teleportation
 r - 2 scrolls of enchant weapon
 z - 2 scrolls of immolation {unknown}
Potions
 d - a potion of heal wounds {unknown}
 h - 2 potions of might
 n - 2 potions of haste
 t - a potion of attraction
 u - a potion of mutation {unknown}
 v - a potion of flight {unknown}
 w - a potion of curing
 B - a potion of invisibility {unknown}
 C - a potion of berserk rage


   Skills:
 - Level 0.7 Fighting
 - Level 1.5 Dodging
 * Level 6.8 Shields
 + Level 7.0 Unarmed Combat
 + Level 3.8 Spellcasting
 + Level 4.6 Transmutations


You had 14 spell levels left.
You knew the following spells:

 Your Spells              Type           Power      Damage    Failure   Level
a - Beastly Appendage     Tmut           32%        N/A       2%          1

Your spell library contained the following spells:

 Spells                   Type           Power      Damage    Failure   Level
 Wereblood                Tmut           16%        N/A       4%          2
 Passwall                 Tmut/Erth      7%         N/A       11%         2
 Apportation              Tloc           4%         N/A       19%         1
 Necrotise                Necr           8%         1d4       19%         1
 Summon Small Mammal      Summ           8%         N/A       19%         1
 Spider Form              Tmut/Pois      9%         N/A       22%         3
 Ensorcelled Hibernation  Hex/Ice        4%         N/A       28%         2
 Static Discharge         Conj/Air       4%         2-3/arc   28%         2
 Call Canine Familiar     Summ           2%         N/A       50%         3
 Portal Projectile        Hex/Tloc       4%         N/A       50%         3
 Swiftness                Air            2%         N/A       50%         3
 Vhi's Electric Charge    Tloc/Air       4%         N/A       50%         3
 Ice Form                 Ice/Tmut       9%         N/A       56%         4
 Leda's Liquefaction      Hex/Erth       1%         N/A       88%         4
 Summon Lightning Spire   Summ/Air       2%         N/A       88%         4
 Arcjolt                  Conj/Air       1%         1d11      99%         5
 Lightning Bolt           Conj/Air       1%         1d12      99%         5
 Storm Form               Tmut/Air       4%         N/A       100%        7
 Maxwell's Capacitive Co  Air            1%         ∞         100%        8


Dungeon Overview and Level Annotations

Branches:
Dungeon (8/15)             Temple (1/1) D:7            Lair (0/5) D:8
 Bailey (visited)

Altars:
Dithmenos
Kikubaaqudgha
Makhleb
Nemelex Xobeh
Okawaru
Qazlal
Ru
Trog
Uskayaw
Vehumet
Wu Jian
Xom
Yredelemnul

Shops:
D:5 (?

Annotations:
D:4 1 runed translucent door, Zonian's ghost, amateur DjIE
D:7 2 transporters, IdlyInterested's ghost, novice DsGl


Innate Abilities, Weirdness & Mutations

You have temporarily grown beastly horns and talons.
You are too large for most types of armour.
You have claws for hands.
Your natural rate of healing is unusually fast.
You are covered in fur. (AC +1)
You have tough skin. (AC +1)
Armour fits poorly on your strangely shaped body.


Message History

The wight closely misses you.
Found a staircase to the Lair.
The wight hits you with a +1 halberd!
You feel drained.
You scratch the wight.
You destroy the wight!
Your Unarmed Combat skill increases to level 7!
The water moccasin hisses angrily.
You scratch the wyvern. Your kick misses the wyvern.
The wyvern is heavily wounded.
The wyvern bites you but does no damage.
You scratch the wyvern. Your kick misses the wyvern.
The wyvern is severely wounded.
Xom alters the dungeon around you.
The wyvern bites you but does no damage.
The water moccasin bites you but does no damage.
The wyvern bites you!
You miss the water moccasin.
Your headbutt misses the water moccasin.
The water moccasin bites you. The wyvern bites you!
You miss the water moccasin. The wyvern bites you!
The water moccasin bites you.
A sky beast appears from thin air!
Reactivating autopickup.
You barely miss the water moccasin.
Your transformation is almost over.
The wyvern bites you. The water moccasin bites you.
* * * LOW HITPOINT WARNING * * *
You are poisoned.
The water moccasin poisons you!
The sky beast flickers out of sight!
Deactivating autopickup; reactivate with Ctrl-A.
The wyvern bites you!
* * * LOW HITPOINT WARNING * * *
Xom is amused.
You miss the water moccasin. Your kick misses the water moccasin.
Your headbutt misses the water moccasin.
* * * LOW HITPOINT WARNING * * *
You feel very sick.
The water moccasin bites you but does no damage.
The wyvern closely misses you. The water moccasin bites you!
You die...
Xom guffaws!

..........# #........#
#. ..........#
#........## ###+
..........# #..........
#... ########.###
#.._....... #...
.........#####.......{..
+##+
#.......................
#..#
..#####..#####..{...S...
#..# .## #..#
###S#####.. #..# . #..#
#@# +..+ > #..# #l# #..#
. #..#


#lD #..# . #..# .Y.. #..# #..# ..... +##' ....... #... ._....P. #... ....>.....
###' #. You could see a yak, a basilisk, a steam dragon, a water moccasin and a
wyvern.

Vanquished Creatures
  A wyvern (D:6)
  A basilisk (D:8)
  A steam dragon (D:7)
  2 water moccasins (D:6)
  An orc warrior (D:7)
  A sky beast (D:6)
  2 ice beasts (D:8)
  A black bear (D:5)
  2 ogres
  A phantom (D:5)
  A kobold brigand (D:7)
  A bullfrog (D:8)
  3 wights (D:8)
  2 howler monkeys
  4 hounds
  3 jellies
  6 orc priests
  A gnoll bouda (D:6)
  Jessica (D:3)
  3 iguanas
  4 orc wizards
  Robin (D:4)
  12 gnolls
  9 adders
  An ufetubus (D:4)
  2 worms (D:2)
  23 orcs
  8 ball pythons
  4 bats
  6 endoplasms
  2 giant cockroaches (D:2)
  14 goblins
  11 hobgoblins
  5 jackals
  5 quokkas
  2 frilled lizards
  15 kobolds
  2 rats (D:1)
164 creatures vanquished.

Notes
Turn   | Place    | Note
-------+----------+-------------------------------------------
     0 | D:1      | purpskrrrp the Troll Transmuter began the quest for the
                  | Orb.
     0 | D:1      | Reached XP level 1. HP: 18/18 MP: 1/1
   298 | D:1      | Reached XP level 2. HP: 26/26 MP: 0/3
  1087 | D:2      | Reached XP level 3. HP: 32/32 MP: 4/4
  1187 | D:2      | Identified a scroll of acquirement
  1187 | D:2      | Acquired 876 gold pieces
  1209 | D:2      | Reached skill level 4 in Unarmed Combat
  1363 | D:2      | Reached XP level 4. HP: 40/40 MP: 3/5
  1598 | D:2      | Found a faded altar of an unknown god.
  1626 | D:2      | Prayed at the altar of an unknown god.
  1626 | D:2      | Became a worshipper of Xom of Chaos
  1673 | D:2      | XOM: silly message
  1688 | D:2      | XOM: divination: detect items
  1904 | D:3      | Acquired a +1 hat of intelligence
  1949 | D:3      | XOM: silly message
  2143 | D:3      | Noticed Jessica
  2148 | D:3      | Killed Jessica
  2246 | D:3      | XOM: divination: detect creatures
  2478 | D:3      | Found a shadowy altar of Dithmenos.
  2482 | D:3      | Found an ancient bone altar of Kikubaaqudgha.
  2482 | D:3      | Found an iron altar of Okawaru.
  2490 | D:3      | Found a sparkling altar of Nemelex Xobeh.
  2493 | D:3      | Found a hide-covered altar of Uskayaw.
  2710 | D:4      | Reached skill level 1 in Shields
  2710 | D:4      | Reached XP level 5. HP: 40/46 MP: 3/7
  2787 | D:4      | XOM: god gift: 4 stones
  2929 | D:4      | Noticed Robin
  2944 | D:4      | Killed Robin
  3197 | D:4      | Found a runed translucent door.
  3197 | D:4      | Noticed Zonian's ghost (amateur DjIE)
  3203 | D:4      | Noticed an ogre
  3209 | D:4      | Killed an ogre
  3210 | D:4      | Reached XP level 6. HP: 41/54 MP: 3/8
  3257 | D:4      | Found a basalt altar of Yredelemnul.
  3411 | D:4      | XOM: summons 1 hostile shadow creature
  3647 | D:5      | XOM: stealth player
  3647 | D:5      | Entered Level 5 of the Dungeon
  3660 | D:5      | XOM: 3-stop teleportation journey
  3698 | D:5      | XOM: summons 4 hostile demons
  3724 | D:5      | Reached skill level 5 in Unarmed Combat
  3810 | D:5      | XOM: 1-stop teleportation journey
  3843 | D:5      | Found Utyak's Magic Scroll Emporium.
  3856 | D:5      | Reached XP level 7. HP: 61/61 MP: 7/9
  4029 | D:5      | Found Toxkas's Antique Weapon Shop.
  4037 | D:5      | XOM: give mutation
  4037 | D:5      | Gained mutation: Armour fits poorly on your strangely
                  | shaped body. [Xom's mischief]
  4173 | D:5      | XOM: summons 2 hostile demons
  4329 | D:5      | XOM: draining
  4843 | D:6      | XOM: silly message
  5022 | D:6      | Reached XP level 8. HP: 49/68 MP: 6/11
  5294 | D:6      | XOM: stat loss: -1 Int (14/15)
  5483 | D:6      | XOM: summons 1 hostile shadow creature
  5547 | D:6      | XOM: silly message
  5552 | D:6      | Reached skill level 5 in Shields
  5578 | D:6      | Reached skill level 6 in Unarmed Combat
  5742 | D:7      | XOM: smoke on damage
  5749 | D:7      | Found a staircase to the Ecumenical Temple.
  5853 | D:7      | Found a transporter.
  5860 | D:7      | XOM: noise
  5861 | D:7      | XOM: polymorph centaur -> hound
  5925 | D:7      | XOM: fog
  5970 | D:7      | XOM: fog
  5978 | D:7      | XOM: 6-stop teleportation journey
  5979 | D:7      | XOM: polymorph orc warrior -> steam dragon
  6008 | D:7      | XOM: fog
  6059 | D:7      | Noticed IdlyInterested's ghost (novice DsGl)
  6187 | D:7      | XOM: polymorph orc warrior -> hound
  6202 | D:7      | Reached XP level 9. HP: 72/75 MP: 11/13
  6216 | D:7      | XOM: 8-stop teleportation journey
  6238 | D:7      | Found a transporter.
  6244 | D:7      | XOM: fog
  6342 | D:7      | Noticed a two-headed ogre
  6506 | Temple   | Entered the Ecumenical Temple
  6514 | Temple   | XOM: divination: detect items
  6679 | D:8      | Found a sacrificial altar of Ru.
  6706 | D:8      | XOM: god gift: moonstone ring {god gift}
  6903 | D:8      | Found a flagged portal.
  6925 | Bailey   | Entered a bailey
  7109 | D:8      | XOM: god gift: 1215 gold pieces
  7187 | D:8      | Found a staircase to the Lair.
  7189 | D:8      | Reached skill level 7 in Unarmed Combat
  7190 | D:8      | XOM: scenery: create altars
  7194 | D:8      | HP: 3/72 [poisoned by a water moccasin]
  7194 | D:8      | Slain by a water moccasin

Illustrated notes

Levels and vault maps discovered:
D:1:      lemuel_arrival_tunnels, layout_basic
D:2:      layout_basic, nicolae_ecumenical_lake_church, serial_forest,
          infiniplex_forest_clump_small, infiniplex_forest_clump_small,
          infiniplex_forest_straight_3, infiniplex_forest_straight_1,
          infiniplex_forest_lined_2
D:3:      layout_loops_corners, minmay_overflow_temple_star_hex, uniq_jessica
D:4:      layout_basic, yredelemnul_altar_generic, gammafunk_ghost_grave,
          uniq_robin
D:5:      layout_gridville, serial_shops, kennysheep_mini, abandoned_shop,
          nicolae_stop_n_shop_1
D:6:      layout_basic
D:7:      layout_cave_pools, minmay_temple_entry_offerings,
          gammafunk_ghost_arena
D:8:      layout_basic, mainiacjoe_overflow_24_doors, david_lair_generic,
          lightli_bailey_entry_fortress
Temple:   nicolae_temple_two_arcs

Skill      XL: |  1  2  3  4  5  6  7  8  9 |
---------------+----------------------------+-----
Unarmed Combat | 4 5 6 7 |  7.0
Transmutations | 2 3 4 |  4.6
Shields        | 1 2 3 4 6 |  6.8
Spellcasting   | 2 3 |  3.8
Fighting       | |  0.7
Dodging        | |  1.5

Action                   |  1- 3 |  4- 6 |  7- 9 || total
-------------------------+-------+-------+-------++-------
Melee: Unarmed           |    95 |   137 |   235 ||   467
       Kick              |     5 |    12 |    45 ||    62
       Punch             |     1 |     5 |     6 ||    12
       Headbutt          |     6 |    10 |    25 ||    41
Throw: Stone             |       |       |    13 ||    13
       Dart              |       |       |     8 ||     8
 Cast: Beastly Appendage |     9 |    19 |    32 ||    60
Evoke: Wand              |       |       |     6 ||     6
  Use: Scroll            |     3 |    11 |     4 ||    18
       Potion            |       |     2 |     1 ||     3
 Stab: Sleeping          |     1 |     2 |       ||     3
Armor: Robe              |    32 |    30 |    75 ||   137
       Skin              |       |     6 |       ||     6
Dodge: Dodged            |    41 |    76 |   108 ||   225

Table legend: (Time is in decaauts)
 A = Elapsed time spent in this place.
 B = Non-inter-level travel time spent in this place.
 C = Inter-level travel time spent in this place.
 D = Time resting spent in this place.
 E = Time spent auto-exploring this place.
 F = Levels seen in this place.
 G = Mean time per level.
                   A        B        C        D        E       F      G
               +--------+--------+--------+--------+--------+-----+--------+
         Total |   7143 |   6923 |    220 |    340 |   5331 |  10 |  714.3 |
       Dungeon |   6961 |   6741 |    220 |    312 |   5226 |   8 |  870.1 |
        Temple |    127 |    127 |      0 |      0 |    105 |   1 |  127.0 |
        Bailey |     53 |     53 |      0 |     28 |      0 |   1 |   53.0 |
               +--------+--------+--------+--------+--------+-----+--------+

Top non-repeatable levels by time:
     D:6: 1374 daAuts
     D:4: 1045 daAuts
     D:1: 1026 daAuts
     D:3: 853 daAuts
     D:5: 837 daAuts
     D:2: 703 daAuts
     D:7: 630 daAuts
     D:8: 490 daAuts
  Temple: 127 daAuts
  Bailey: 53 daAuts
